AoeStats
← ninghaochang

Coastal Forest

510404760Analyzed
4v4 RM · 14h ago on Sep 30, 2026· 69m 43s· 8 players
Game mode
Random Map
Map size
Large (8 player)
Population
200
Speed
Normal
Resources
Standard
Victory
Conquest
Starting age
Dark Age
Ending age
Imperial Age
RankedLock teamsTeams togetherTeam positionsShared explorationLock speedFull tech treeHidden civsTurbo modeCheats
Victory
Defeat
🇬🇧 Cumans · United Kingdom
867
+5
🇮🇹 Britons · Italy
786
+7
🇨🇳 Georgians · China
776
+21
🇨🇴 Britons · Colombia
695
+10
🇪🇸 Franks · Spain
584
-8
🇺🇸 Britons · United States
581
-8
🇧🇷 Koreans · Brazil
549
-7
🇪🇸 Romans · Spain
541
-6
CoWarDly DoG
0:27 Loom
11:21 Feudal Age
14:10 Horse Collar
15:25 Double-Bit Axe
22:23 Castle Age
20:19 Gold Mining
20:21 Stone Mining
24:29 Gold Shaft Mining
24:30 Stone Shaft Mining
25:11 Bow Saw
34:11 Imperial Age
40:15 Elite War Wagon
41:19 Conscription
44:38 Two-Man Saw
43:45 Heavy Plow
47:50 Chemistry
47:11 Ballistics
49:27 Shinkichon
CHARGER RT440
10:37 Feudal Age
16:09 Man-at-Arms
23:36 Castle Age
22:19 Double-Bit Axe
24:06 Forging
26:05 Iron Casting
34:30 Bow Saw
40:27 Imperial Age
37:43 Town Watch
37:45 Loom
39:21 Ballistics
38:43 Ordonnance Companies
40:36 Scale Mail Armor
43:33 Blast Furnace
44:01 Elite Throwing Axeman
46:22 Chemistry
47:06 Cavalier
47:40 Fletching
47:51 Padded Archer Armor
48:07 Chain Mail Armor
47:58 Scale Barding Armor
48:59 Siphons
49:17 Leather Archer Armor
49:47 Bodkin Arrow
49:46 Paladin
58:08 Elite Skirmisher
Yurmus
11:50 Feudal Age
10:08 Loom
15:57 Fletching
21:41 Scale Mail Armor
21:49 Padded Archer Armor
40:22 Castle Age
50:52 Crossbowman
John Lemon
3:47 Loom
10:18 Feudal Age
11:42 Wheelbarrow
11:41 Town Watch
16:04 Fishing Lines
16:50 Double-Bit Axe
16:48 Horse Collar
18:44 Man-at-Arms
22:08 Forging
21:59 Scale Mail Armor
22:01 Padded Archer Armor
23:36 Fletching
24:45 Stone Mining
24:47 Gold Mining
28:59 Castle Age
30:34 Pikeman
31:14 Squires
30:35 Long Swordsman
32:25 Hand Cart
32:39 Bow Saw
36:17 Iron Casting
35:59 Chain Mail Armor
37:26 Leather Archer Armor
37:09 Bodkin Arrow
39:45 Town Patrol
43:14 Fortified Wall
42:59 Murder Holes
43:27 Murder Holes
44:27 Caravan
45:10 Coinage
46:30 Gillnets
47:26 Heavy Plow
48:04 Gold Shaft Mining
53:25 Imperial Age
53:33 Ballistics
54:23 Masonry
sam.pidgeon
3:07 Loom
16:32 Feudal Age
20:32 Man-at-Arms
22:52 Scale Mail Armor
23:05 Forging
24:15 Bloodlines
24:15 Scale Barding Armor
29:19 Castle Age
29:47 Light Cavalry
32:03 Wheelbarrow
33:56 Capped Ram
35:21 Fletching
35:31 Padded Archer Armor
35:44 Double-Bit Axe
37:59 Iron Casting
37:18 Horse Collar
38:56 Chain Barding Armor
40:11 Murder Holes
40:38 Ballistics
41:05 Town Watch
45:15 Imperial Age
44:27 Steppe Husbandry
44:22 Stone Mining
44:22 Gold Mining
49:56 Parthian Tactics
50:13 Leather Archer Armor
49:54 Bodkin Arrow
50:26 Conscription
50:41 Heavy Plow
53:04 Hand Cart
53:34 Plate Barding Armor
52:24 Cavalier
55:53 Town Patrol
55:24 Elite Kipchak
55:35 Siege Ram
57:58 Elite Steppe Lancer
58:07 Hussar
61:45 Cuman Mercenaries
64:16 Hoardings
64:32 Gold Shaft Mining
65:46 Blast Furnace
66:26 Thumb Ring
68:32 Spies/Treason
ninghaochang
11:06 Feudal Age
14:29 Wheelbarrow
13:47 Double-Bit Axe
13:55 Double-Bit Axe
14:04 Horse Collar
15:10 Gold Mining
16:15 Stone Mining
16:44 Fishing Lines
26:27 Castle Age
28:27 Bow Saw
28:54 Stone Shaft Mining
28:58 Hand Cart
28:52 Gillnets
29:18 Padded Archer Armor
29:08 Fletching
29:29 Forging
29:19 Scale Mail Armor
29:25 Scale Barding Armor
30:21 Heavy Plow
30:13 Town Watch
31:06 Squires
30:51 Gambesons
30:27 Man-at-Arms
30:27 Pikeman
30:53 Arson
34:56 Crossbowman
34:56 Elite Skirmisher
35:01 Light Cavalry
35:51 Bloodlines
35:42 Husbandry
48:52 Imperial Age
49:02 Heavy Cavalry Archer
50:08 Parthian Tactics
52:01 Crop Rotation
52:34 Sanctity
52:14 Devotion
52:49 Theocracy
52:35 Heresy
52:11 Herbal Medicine
52:27 Fervor
52:29 Redemption
52:34 Capped Ram
52:35 Heavy Scorpion
62:47 Cavalier
62:48 Hussar
63:06 Elite Monaspa
64:23 Hoardings
63:19 Sappers
64:10 Conscription
juanbleis3214
0:44 Loom
9:56 Feudal Age
17:44 Castle Age
20:32 Double-Bit Axe
27:54 Fletching
28:05 Padded Archer Armor
28:42 Bow Saw
28:16 Horse Collar
30:03 Bodkin Arrow
30:24 Leather Archer Armor
36:06 Imperial Age
34:14 Wheelbarrow
33:39 Gold Mining
33:47 Stone Mining
34:07 Heavy Plow
34:51 Caravan
35:28 Hand Cart
36:34 Elite Longbowman
39:04 Yeomen
39:42 Bracer
41:34 Ring Archer Armor
43:23 Chemistry
44:40 Treadmill Crane
45:24 Ballistics
~Giulia~
0:30 Loom
11:37 Feudal Age
12:05 Double-Bit Axe
12:22 Horse Collar
13:16 Town Watch
17:19 Wheelbarrow
22:44 Castle Age
21:11 Gold Mining
21:20 Fletching
21:28 Stone Mining
21:34 Fishing Lines
22:38 Padded Archer Armor
22:46 Crossbowman
24:34 Elite Skirmisher
28:43 Bodkin Arrow
29:04 Leather Archer Armor
29:28 Ballistics
28:50 Treadmill Crane
29:06 Murder Holes
30:07 Bow Saw
30:00 Heavy Plow
36:20 Imperial Age
35:16 Masonry
36:36 Gold Shaft Mining
37:03 Hand Cart
38:07 Yeomen
38:12 Yeomen
37:53 Warwolf
38:17 Yeomen
39:50 Conscription
40:33 Bracer
40:30 Elite Longbowman
43:15 Ring Archer Armor
42:07 Pikeman
46:40 Hoardings
47:18 Siege Engineers
48:48 Forging
48:39 Scale Mail Armor
50:04 Medium Warships
52:19 Heavy Warships
53:22 Town Patrol
55:13 Chemistry
54:24 Careening
54:25 Clinker Construction
60:39 Architecture
61:31 Sappers
66:54 Arson
67:09 Squires
66:55 Gambesons
Connection lost

Rejoining the realm…

Still unreachable

The connection could not be restored.

Session expired

The server has moved on; the page needs a fresh start.